 Dungeon Crawl Stone Soup version 0.19.1 (webtiles) character file.

99 mmcf the Insei (level 4, -6/33 HPs)
             Began as a Merfolk Transmuter on Dec 3, 2016.
             Killed from afar by an orc wizard (7 damage)
             ... with a magic dart
             ... on level 2 of the Dungeon.
             The game lasted 00:04:00 (3149 turns).

mmcf the Insei (Merfolk Transmuter)                 Turns: 3149, Time: 00:04:00

Health: -6/33      AC:  2    Str: 10    XL:     4   Next: 72%
Magic:  7/7        EV: 14    Int: 13    God:
Gold:   89         SH:  0    Dex: 14    Spells: 3 memorised, 1 level left

rFire  . . .     SeeInvis .       - Unarmed
rCold  . . .     Gourm    .     b - +0 robe
rNeg   . . .     Faith    .     (no shield)
rPois  .         Spirit   .     (no helmet)
rElec  .         Reflect  .     (no cloak)
rCorr  .         Harm     .     (no gloves)
MR     .....                    (no boots)
Stlth  +.........               (no amulet)
                                (no ring)
                                (no ring)

@: no status effects
A: change form in water, swift swim, stealthy swim
a: no special abilities


You were on level 2 of the Dungeon.
You were hungry.

You visited 1 branch of the dungeon, and saw 3 of its levels.

You collected 89 gold pieces.

Inventory:

Hand Weapons
 a - a +0 hunting sling
 q - a +0 blowgun
Missiles
 g - 124 stones
 o - 10 arrows
 p - 12 poisoned needles
 s - 2 steel tomahawks (quivered)
Armour
 b - a +0 robe (worn)
Jewellery
 l - a +3 amulet of reflection {unknown}
Scrolls
 e - 2 scrolls of fear {unknown}
 h - 2 scrolls of magic mapping {unknown}
 j - 3 scrolls of remove curse {unknown}
 k - a scroll of recharging {unknown}
 r - a scroll of identify {unknown}
Books
 c - a book of Changes

   Spells                             Type                      Level
   a - Beastly Appendage              Transmutation                1
   b - Sticks to Snakes               Transmutation                2
   c - Spider Form                    Transmutation/Poison         3
   d - Ice Form                       Ice/Transmutation            4
   e - Blade Hands                    Transmutation                5
Comestibles
 d - 2 bread rations
 i - 7 chunks of flesh
 m - a meat ration


   Skills:
 + Level 1.9 Fighting
 + Level 3.7 Dodging
 - Level 5.0 Unarmed Combat
 - Level 2.0 Spellcasting
 - Level 2.6 Transmutations


You had one spell level left.
You knew the following spells:

 Your Spells              Type           Power        Failure   Level  Hunger
a - Beastly Appendage     Tmut           #.....       10%         1    ##.....
b - Sticks to Snakes      Tmut           #.......     14%         2    ###....
c - Spider Form           Tmut/Pois      #.........   52%         3    ####...


Dungeon Overview and Level Annotations

Branches:
Dungeon (3/15)

Altars:

Annotations:
D:3 qice's ghost, amateur FoFi


Message History

* * * LOW HITPOINT WARNING * * *
You are too injured to fight recklessly!
You are too injured to fight recklessly!
You are too injured to fight recklessly!
There is a stone staircase leading up here.
The orc wizard barely misses you. The orc closely misses you.
The orc wizard closely misses you.
You climb upwards.
Your horns disappear.
There is a stone staircase leading down, spattered with blood here.
You closely miss the orc wizard.
The orc wizard points at you and mumbles some strange words.
The magic dart hits you!
* * * LOW HITPOINT WARNING * * *
You closely miss the orc wizard.
The orc wizard casts a spell.
The orc wizard blinks!
The orc wizard casts a spell at you. The magic dart hits you!
You die...

. .. ... #.....
#########
.......##.......#####
.......'.......ยง@.o.#
.......##.#####.###.#
.......##....##.###.#
..........##.#....#.#
# ..........# ####.#[.
.# ###.....#
#.#########.# #.....#
##+#<#.........#
#.....# #............#
#.##### #............#


You could see an orc wizard.

Vanquished Creatures
  3 adders
  An ooze (D:2)
  2 worms
  3 dart slugs (D:1)
  A leopard gecko (D:1)
  2 orcs
  4 giant cockroaches
  6 goblins
  5 hobgoblins
  6 jackals (D:2)
  4 kobolds
  2 quokkas (D:2)
  7 bats
  4 frilled lizards
  2 rats
52 creatures vanquished.

Vanquished Creatures (collateral kills)
  A jackal (D:2)
1 creature vanquished.

Vanquished Creatures (others)
  A leopard gecko (D:1)
  A rat (D:1)
2 creatures vanquished.

Grand Total: 55 creatures vanquished

Notes
Turn   | Place    | Note
-------+----------+-------------------------------------------
     0 | D:1      | mmcf the Merfolk Transmuter began the quest for the Orb.
     0 | D:1      | Reached XP level 1. HP: 15/15 MP: 3/3
   391 | D:1      | Reached XP level 2. HP: 10/21 MP: 5/5
   577 | D:1      | Reached skill level 4 in Unarmed Combat
   807 | D:1      | Learned a level 2 spell: Sticks to Snakes
  1102 | D:1      | Reached XP level 3. HP: 22/26 MP: 6/6
  1111 | D:1      | Learned a level 3 spell: Spider Form
  1427 | D:1      | Reached skill level 5 in Unarmed Combat
  2475 | D:3      | Noticed qice's ghost (amateur FoFi)
  2541 | D:2      | Reached XP level 4. HP: 28/32 MP: 5/7
  3148 | D:2      | HP: 1/33 [orc wizard/magic dart (7)]
  3149 | D:2      | Killed from afar by an orc wizard

Skill      XL: |  1  2  3  4 |
---------------+-------------+-----
Unarmed Combat | 4 5 |  5.0
Dodging        | 3 |  3.7
Fighting       | |  1.9
Spellcasting   | |  2.0
Transmutations | |  2.6

Action                   |  1- 3 |  4- 6 || total
-------------------------+-------+-------++-------
Melee: Unarmed           |   114 |    68 ||   182
       Headbutt          |    12 |     4 ||    16
       Punch             |     2 |     1 ||     3
 Fire: Hunting sling     |       |     4 ||     4
Throw: Tomahawk          |       |     2 ||     2
 Cast: Beastly Appendage |     7 |     6 ||    13
       Sticks to Snakes  |       |     2 ||     2
  Use: Potion            |       |     2 ||     2
 Stab: Distracted        |       |     1 ||     1
  Eat: Chunk             |     5 |     2 ||     7
Armor: Robe              |    20 |    22 ||    42
Dodge: Dodged            |    92 |    84 ||   176
